[Event "Team 45 45 League T40"]
[Site "Internet Chess Club"]
[Date "2009.03.08"]
[Round "6"]
[White "freestyle"]
[Black "nb"]
[Result "1-0"]
[WhiteElo "2284"]
[BlackElo "2102"]
[Opening "Sicilian: Najdorf, Byrne (English) attack"]
[ECO "B90"]
[Time "13:30:51"]
[TimeControl "2700+45"]

1. e4 c5 2. Nf3 d6 3. d4 cxd4 4. Nxd4 Nf6 5. Nc3 a6 6. Be3 e5 7. Nf3 Qc7 8. a4
Be7 9. a5 O-O 10. Bd3 Nbd7 11. Nh4 b5 12. Nf5 Bd8 13. Be2 b4 14. Na4 Nxe4 15.
Bf3 Bb7 16. Nb6 Nxb6 17. Bxb6 Qc4 18. Qd3 Qxd3 19. cxd3 Bxb6 20. Bxe4 Bxe4 21.
dxe4 Bc5 22. O-O Ra7 23. Rfd1 Rd8 24. Rac1 Rad7 25. Ne7+ Rxe7 26. Rxc5 Red7 27.
Rc6 d5 28. exd5 Kf8 29. d6 Rb7 30. Rxa6 Ke8 31. Rd5 f6 32. Kf1 Kd7 33. Rc5 b3
34. Ke2 Rb4 35. Rc7+ Ke6 36. Rxg7 Rc4 37. d7+ Kd5 38. Rxf6 Rc2+ 39. Kd3 e4+ 40.
Ke3 Rxb2 41. Rg5+ Kc4 42. Rc6+ Kb4 43. Rd5 Ra2 44. Rc8 Rxd7 45. Rxd7 Rxa5 46.
Rb7+ {Black resigns} 1-0

[Event "Team 45 45 League T40"]
[Site "Internet Chess Club"]
[Date "2009.03.08"]
[Round "6"]
[White "fllinc"]
[Black "Boromir"]
[Result "1-0"]
[WhiteElo "2074"]
[BlackElo "1989"]
[Opening "Pirc defense"]
[ECO "B07"]
[Time "17:00:04"]
[TimeControl "2700+45"]

1. e4 d6 2. d4 Nf6 3. Nc3 g6 4. Be3 Bg7 5. f3 c6 6. Qd2 b5 7. O-O-O a5 8. g4 a4
9. h4 b4 10. Nce2 b3 11. cxb3 axb3 12. a3 h5 13. g5 Nfd7 14. Ng3 Ba6 15. f4 Bxf1
16. Rxf1 Qc7 17. Nf3 c5 18. Kb1 Qa5 19. Qxa5 Rxa5 20. Rc1 O-O 21. Ne2 Na6 22.
Bd2 Rb5 23. f5 Nb6 24. Nc3 Ra5 25. Nd5 Nxd5 26. Bxa5 Nf4 27. Rc4 Nd3 28. Rd1 Nf2
29. Re1 cxd4 30. Nxd4 Nc5 31. Nc6 Re8 32. fxg6 fxg6 33. e5 Nfd3 34. exd6 Nxe1
35. Nxe7+ {Black resigns} 1-0

[Event "Team 45 45 League T40"]
[Site "Internet Chess Club"]
[Date "2009.03.07"]
[Round "6"]
[White "Frodo"]
[Black "DavidAbran"]
[Result "1-0"]
[WhiteElo "1847"]
[BlackElo "1960"]
[Opening "Sicilian, Chekhover variation"]
[ECO "B53"]
[Time "11:29:38"]
[TimeControl "2700+45"]

1. e4 c5 2. Nf3 d6 3. d4 cxd4 4. Qxd4 e6 5. Nc3 Nc6 6. Bb5 Bd7 7. Bxc6 Bxc6 8.
Bg5 Nf6 9. O-O-O Be7 10. Kb1 Qc7 11. Rhe1 h6 12. Bh4 O-O 13. h3 Rfd8 14. g4 Nh7
15. Bg3 b5 16. h4 a5 17. Qe3 Qb7 18. Nd2 b4 19. Ne2 d5 20. g5 hxg5 21. hxg5 Bxg5
22. Bf4 Bxf4 23. Nxf4 dxe4 24. Rh1 Ng5 25. Rh5 Nf3 26. Kc1 Qd7 27. Rdh1 Kf8 28.
Nxf3 exf3 29. Rh8+ Ke7 30. Qc5+ Qd6 31. Qg5+ Kd7 32. Rxd8+ Rxd8 33. Rd1 Bd5 34.
Nxd5 Ke8 35. Ne3 Qc7 36. Rxd8+ Qxd8 37. Qxd8+ Kxd8 38. Nc4 a4 39. Ne5 f6 40.
Nc6+ Kd7 41. Nxb4 g5 42. Kd2 g4 43. Ke3 e5 44. Nd3 Ke6 45. Nc5+ Kd5 46. Nxa4 f5
47. Nc3+ Kc4 48. a4 Kc5 49. a5 Kc6 50. b4 Kb7 51. Nd5 f4+ 52. Nxf4 exf4+ 53.
Kxf4 Kc6 54. Kxg4 {Black resigns} 1-0

[Event "Team 45 45 League T40"]
[Site "Internet Chess Club"]
[Date "2009.03.08"]
[Round "6"]
[White "KNVB"]
[Black "eurander"]
[Result "1/2-1/2"]
[WhiteElo "2311"]
[BlackElo "2196"]
[Opening "QGD semi-Slav: Stoltz variation"]
[ECO "D45"]
[Time "12:01:33"]
[TimeControl "2700+45"]

1. d4 d5 2. c4 c6 3. Nc3 Nf6 4. e3 e6 5. Nf3 Nbd7 6. Qc2 Bd6 7. g4 Bb4 8. Bd2
Qe7 9. Bd3 e5 10. cxd5 Bxc3 11. Bxc3 e4 12. dxc6 exd3 13. cxd7+ Qxd7 14. Qb3
Qxg4 15. Qd1 Qe4 16. Rg1 O-O 17. Ne5 Bf5 18. Qf3 Rac8 19. Rd1 Rfe8 20. Qg3 Nh5
21. Qg5 f6 22. Qxh5 fxe5 23. dxe5 g6 24. a3 Rc4 25. h3 b5 26. Kd2 Rxc3 27. bxc3
Qd5 28. Ke1 Rxe5 29. Rd2 Qb3 30. Qf3 Qxa3 31. Rg3 Qa1+ 32. Rd1 Qxc3+ 33. Kf1 Qc2
34. Qa8+ Bc8 35. Kg2 Rc5 36. Qe4 Rf5 37. Qe8+ Rf8 38. Rxg6+ {Game drawn by
mutual agreement} 1/2-1/2

[Event "Team 45 45 League T40"]
[Site "Internet Chess Club"]
[Date "2009.03.07"]
[Round "6"]
[White "frothyjowels"]
[Black "bjoernchess"]
[Result "1-0"]
[WhiteElo "2412"]
[BlackElo "2310"]
[Opening "Réti opening"]
[ECO "A11"]
[Time "12:07:14"]
[TimeControl "2700+45"]

1. Nf3 d5 2. c4 c6 3. g3 Nf6 4. Bg2 Bf5 5. cxd5 cxd5 6. Qb3 Qb6 7. Nc3 Qxb3 8.
axb3 Nc6 9. d3 e5 10. O-O Be7 11. e4 dxe4 12. dxe4 Be6 13. Nb5 Rc8 14. Nxa7 Ra8
15. Be3 Nxa7 16. Nxe5 O-O 17. Bxa7 Bxb3 18. Bb6 Bd6 19. Nd3 Bc4 20. Rxa8 Rxa8
21. Rd1 Bxd3 22. Rxd3 Ra1+ 23. Bf1 Nxe4 24. f3 Ra6 25. Be3 Nf6 26. Rd1 Rc6 27.
Bb5 Be7 28. Bxc6 bxc6 29. Rc1 Nd5 30. Bd4 Nb4 31. Bc3 Nd5 32. Kf2 f5 33. f4 Kf7
34. Be5 Nb4 35. Ke3 g6 36. Kd4 Ke6 37. Kc4 h5 38. Bd4 Nd5 39. Re1+ Kd7 40. Bc5
Bf6 41. b4 Nc7 42. Rd1+ {Black resigns} 1-0

[Event "Team 45 45 League T40"]
[Site "Internet Chess Club"]
[Date "2009.03.09"]
[Round "6"]
[White "playwaycool"]
[Black "Gil-galad"]
[Result "0-1"]
[WhiteElo "2043"]
[BlackElo "2104"]
[Opening "Trompowsky attack (Ruth, Opocenský opening)"]
[ECO "A45"]
[Time "15:15:33"]
[TimeControl "2700+45"]

1. d4 Nf6 2. Bg5 c5 3. Bxf6 gxf6 4. d5 Qb6 5. Qc1 f5 6. c3 Na6 7. g3 Nc7 8. Bg2
Bh6 9. Qc2 e6 10. dxe6 fxe6 11. e4 O-O 12. exf5 Rxf5 13. Nf3 d5 14. g4 Rf4 15.
Nbd2 Bg7 16. O-O-O Bd7 17. Rde1 Ba4 18. b3 Be8 19. Ng5 Bg6 20. Qb2 Rxg4 21. Nxe6
Rxg2 22. Nxg7 Qf6 23. h4 Qxg7 24. h5 Bf5 25. Nf3 Re8 26. Reg1 Kh8 27. h6 Qg4 28.
c4+ d4 29. Qd2 Qxf3 30. Rxg2 Qxg2 31. Re1 Rxe1+ 32. Qxe1 Qe4 33. Kb2 Qxe1 {White
resigns} 0-1

[Event "Team 45 45 League T40"]
[Site "Internet Chess Club"]
[Date "2009.03.08"]
[Round "6"]
[White "JustinSane"]
[Black "Speedy-Reedy"]
[Result "0-1"]
[WhiteElo "2129"]
[BlackElo "1950"]
[Opening "Nimzovich-Larsen attack: modern variation"]
[ECO "A01"]
[Time "09:05:19"]
[TimeControl "2700+45"]

1. b3 e5 2. Bb2 d6 3. c4 Nc6 4. g3 g6 5. Bg2 Bg7 6. e3 Be6 7. Nc3 Qd7 8. d3 Nge7
9. Nd5 Rb8 10. Ne2 O-O 11. Qd2 Nf5 12. O-O a6 13. f4 Nce7 14. e4 Nd4 15. Nxe7+
Qxe7 16. Nxd4 exd4 17. f5 Bd7 18. Rf2 gxf5 19. exf5 Qe3 20. Rf1 Bxf5 21. Qd1 Bg6
22. Re1 Qxd3 23. Qxd3 Bxd3 24. Rd2 Bf5 25. Bxd4 Bxd4+ 26. Rxd4 Be6 27. b4 b5 28.
c5 dxc5 29. bxc5 Bxa2 30. Ra1 Be6 31. Rxa6 b4 32. Rd2 b3 33. Rb2 Rb5 34. c6 Rc5
35. Be4 f5 36. Bb1 Rd8 {White resigns} 0-1

[Event "Team 45 45 League T40"]
[Site "Internet Chess Club"]
[Date "2009.03.08"]
[Round "6"]
[White "gyoung"]
[Black "pestka"]
[Result "1/2-1/2"]
[WhiteElo "2266"]
[BlackElo "2240"]
[Opening "Sicilian, Szén (`anti-Taimanov') variation"]
[ECO "B44"]
[Time "16:09:25"]
[TimeControl "2700+45"]

1. e4 c5 2. Nf3 Nc6 3. d4 cxd4 4. Nxd4 e6 5. Nb5 d6 6. c4 Nf6 7. N1c3 a6 8. Na3
Be7 9. Be2 O-O 10. Be3 b6 11. O-O Bb7 12. Nc2 Rc8 13. b3 Ne5 14. f3 b5 15. Rb1
Ba8 16. Bd4 bxc4 17. Ne3 Nc6 18. bxc4 Nxd4 19. Qxd4 Qa5 20. Qd2 d5 21. exd5 exd5
22. Nf5 Qc5+ 23. Kh1 dxc4 24. Qg5 g6 25. Nxe7+ Qxe7 26. Rb6 Nd5 27. Qxe7 Nxe7
28. Rxa6 Rfd8 29. Kg1 Rd2 30. Bxc4 Bb7 31. Ra4 Rc2 32. Ra7 Rxc4 33. Rxb7 R4xc3
34. Rxe7 Rxa2 35. Kh1 Rcc2 36. Rg1 h5 37. Ree1 Kg7 38. Rc1 Re2 39. Rce1 Rf2 40.
Ref1 Rfd2 41. Rd1 {Game drawn by mutual agreement} 1/2-1/2

[Event "Team 45 45 League T40"]
[Site "Internet Chess Club"]
[Date "2009.03.05"]
[Round "6"]
[White "Kolibri"]
[Black "f5"]
[Result "0-1"]
[WhiteElo "2062"]
[BlackElo "2205"]
[Opening "Sicilian: Pelikan, Chelyabinsk variation"]
[ECO "B33"]
[Time "15:04:39"]
[TimeControl "2700+45"]

1. e4 c5 2. Nf3 Nc6 3. d4 cxd4 4. Nxd4 Nf6 5. Nc3 e5 6. Ndb5 d6 7. Bg5 a6 8. Na3
b5 9. Nd5 Be7 10. Bxf6 Bxf6 11. c3 Bg5 12. Nc2 Rb8 13. Bd3 Be6 14. Ncb4 Bxd5 15.
Nxd5 Ne7 16. Nxe7 Bxe7 17. O-O O-O 18. Qe2 d5 19. exd5 Qxd5 20. Rad1 Qe6 21.
Rfe1 Bf6 22. b3 Rfe8 23. Qf3 g6 24. Be4 Bg7 25. Bd5 Qf6 26. Qxf6 Bxf6 27. Rd3
Kg7 28. f3 Be7 29. Kf1 Bc5 30. Bc6 Re6 31. Bd5 Re7 32. b4 Ba7 33. a4 f5 34. axb5
axb5 35. Bc6 Rb6 36. Rd7 Rxd7 37. Bxd7 Kf6 38. Ra1 Bb8 39. Ra5 e4 40. fxe4 fxe4
41. h3 Be5 42. Rxb5 Rd6 43. Rb7 Bxc3 44. Rc7 Rd1+ 45. Ke2 Re1+ 46. Kf2 Bxb4 47.
Rc4 e3+ 48. Kf3 Bd2 49. Re4 Rf1+ 50. Ke2 Rf2+ 51. Kd3 Rxg2 52. Bc8 Rf2 53. Bb7
Kg5 54. Rg4+ Kh5 55. Rg2 Rxg2 56. Bxg2 Kh4 57. Ke2 Kg3 58. Be4 Kxh3 59. Kf3 Kh4
60. Bd3 Kg5 61. Be2 h5 62. Kg3 Be1+ 63. Kh3 Kf4 64. Kg2 Ba5 65. Kh3 Kg5 66. Bf3
Kh6 67. Be2 g5 68. Kg3 Kg6 69. Bd3+ Kh6 70. Be2 Bb6 71. Bd3 Bc7+ 72. Kf3 Bf4 73.
Be2 Kg6 74. Bd3+ Kf6 75. Bb5 Ke5 76. Be8 g4+ 77. Ke2 h4 78. Bd7 g3 79. Bh3 Bh6
80. Kf3 Kd4 81. Bf1 Bf8 82. Be2 Bd6 83. Bf1 Bc7 84. Ke2 Ke4 85. Bg2+ Kf4 86. Bh3
Bb6 87. Bg2 Kg4 88. Bf3+ Kh3 89. Kf1 Kh2 90. Bc6 h3 {White resigns} 0-1

[Event "Team 45 45 League T40"]
[Site "Internet Chess Club"]
[Date "2009.03.15"]
[Round "6"]
[White "chiiwen"]
[Black "Monsoon-Smith"]
[Result "0-1"]
[WhiteElo "2108"]
[BlackElo "2052"]
[Opening "Sicilian: Kan, 5.Nc3"]
[ECO "B43"]
[Time "13:00:05"]
[TimeControl "2700+45"]

1. e4 c5 2. Nf3 e6 3. d4 cxd4 4. Nxd4 a6 5. Nc3 Qc7 6. Bd3 Nf6 7. O-O d6 8. Nb3
b5 9. a3 Be7 10. Be3 O-O 11. f4 Nbd7 12. h3 Bb7 13. Qe1 Rfd8 14. g4 g6 15. Qg3
Bf8 16. Kh2 Bg7 17. Rae1 Rac8 18. Qf2 Ba8 19. Kg1 Rb8 20. f5 exf5 21. exf5 Qb7
22. Kh2 Ne5 23. Be2 Re8 24. Nd2 gxf5 25. gxf5 Kh8 26. Rg1 Rg8 27. Bf4 Nd5 28.
Nxd5 Qxd5 29. Qh4 Nd7 30. Bd3 Bf6 31. Qf2 Bh4 32. Qf1 Rxg1 33. Qxg1 Bxe1 34. Be4
Qc5 35. Qxe1 Bxe4 36. Nxe4 Qxc2+ 37. Nf2 Qxf5 38. Bxd6 Rc8 39. Bg3 Rc2 40. Qe3
Qd5 41. Kg1 Kg7 42. h4 Qc5 {White resigns} 0-1

[Event "Team 45 45 League T40"]
[Site "Internet Chess Club"]
[Date "2009.03.07"]
[Round "6"]
[White "baumhauer"]
[Black "Legal"]
[Result "0-1"]
[WhiteElo "1906"]
[BlackElo "2041"]
[Opening "Réti opening"]
[ECO "A13"]
[Time "11:00:10"]
[TimeControl "2700+45"]

1. Nf3 e6 2. c4 f5 3. b3 Nf6 4. Bb2 c6 5. g3 d5 6. Bg2 Bd6 7. d3 O-O 8. Nbd2
Nbd7 9. O-O Qe8 10. Qc2 f4 11. Rae1 e5 12. cxd5 Nxd5 13. Nc4 Bb8 14. e4 Nb4 15.
Qd2 c5 16. a3 Nc6 17. gxf4 Rxf4 18. Kh1 Qh5 19. Rg1 Nd4 20. Nxd4 exd4 21. Qe2
Qxh2+ 22. Kxh2 Rh4# {White checkmated} 0-1

[Event "Team 45 45 League T40"]
[Site "Internet Chess Club"]
[Date "2009.03.06"]
[Round "6"]
[White "PandorasBox"]
[Black "easycure"]
[Result "0-1"]
[WhiteElo "2209"]
[BlackElo "2386"]
[Opening "French: Tarrasch, closed variation"]
[ECO "C05"]
[Time "09:00:12"]
[TimeControl "2700+45"]

1. d4 e6 2. e4 d5 3. Nd2 Nf6 4. e5 Nfd7 5. Bd3 c5 6. c3 Nc6 7. f4 cxd4 8. cxd4
Nxd4 9. Ngf3 Nxf3+ 10. Nxf3 Be7 11. O-O O-O 12. Kh1 b6 13. Be3 Nc5 14. Bc2 Ba6
15. Re1 Rc8 16. Rc1 Ne4 17. f5 exf5 18. Nd4 Bb4 19. Nxf5 Bxe1 20. Qxe1 Qd7 21.
Nd4 Rfe8 22. Qh4 Rxe5 23. Re1 Qe7 {White resigns} 0-1

[Event "Team 45 45 League T40"]
[Site "Internet Chess Club"]
[Date "2009.03.08"]
[Round "6"]
[White "Blade"]
[Black "onslaught"]
[Result "1/2-1/2"]
[WhiteElo "2095"]
[BlackElo "2141"]
[Opening "QGD semi-Slav: 5...Nd7"]
[ECO "D45"]
[Time "14:00:43"]
[TimeControl "2700+45"]

1. c4 Nf6 2. Nf3 c6 3. d4 d5 4. Nc3 e6 5. e3 Nbd7 6. a3 Bd6 7. Bd3 e5 8. dxe5
Nxe5 9. cxd5 Nxd3+ 10. Qxd3 cxd5 11. Bd2 O-O 12. Nxd5 Nxd5 13. Qxd5 Be6 14. Qxb7
Bc4 15. Bc3 Re8 16. Rd1 Qe7 17. Qxe7 Bxe7 18. Nd4 Bf6 19. Nf5 Bxc3+ 20. bxc3
Rab8 21. Ng3 Rb2 22. Rd4 Rc8 23. Nf5 Rcb8 24. Rxc4 Rb1+ {Game drawn by mutual
agreement} 1/2-1/2

[Event "Team 45 45 League T40"]
[Site "Internet Chess Club"]
[Date "2009.03.08"]
[Round "6"]
[White "quaksterjohny"]
[Black "C-Jones"]
[Result "1-0"]
[WhiteElo "1479"]
[BlackElo "1607"]
[Opening "Bishop's opening: Berlin defense"]
[ECO "C24"]
[Time "19:02:28"]
[TimeControl "2700+45"]

1. e4 e5 2. Bc4 Nf6 3. d3 Be7 4. Nc3 O-O 5. f4 exf4 6. Bxf4 d6 7. Nf3 Nc6 8. O-O
Be6 9. Bxe6 fxe6 10. Qe2 e5 11. Bd2 Qd7 12. Rf2 Ng4 13. Rff1 Nf6 14. h3 Rae8 15.
Rf2 d5 16. Re1 Bc5 17. Rf1 Bxf2+ 18. Rxf2 dxe4 19. Nxe4 Nxe4 20. Qxe4 Qd4 21.
Nxd4 exd4 22. Rxf8+ Kxf8 23. Qxh7 {Black resigns} 1-0

[Event "Team 45 45 League T40"]
[Site "Internet Chess Club"]
[Date "2009.03.08"]
[Round "6"]
[White "BotanicalKnight"]
[Black "Zappy"]
[Result "1-0"]
[WhiteElo "1603"]
[BlackElo "1561"]
[Opening "Bishop's opening: Berlin defense"]
[ECO "C24"]
[Time "18:05:09"]
[TimeControl "2700+45"]

1. e4 e5 2. Bc4 Nf6 3. d3 h6 4. Nc3 Bc5 5. f4 d6 6. Na4 Bb6 7. Nxb6 axb6 8. Nf3
Nc6 9. a3 O-O 10. O-O Be6 11. Bxe6 fxe6 12. fxe5 Ng4 13. exd6 cxd6 14. h3 Nge5
15. Be3 b5 16. Qe2 Nxf3+ 17. Rxf3 Rxf3 18. Qxf3 b4 19. Qg4 Qf6 20. Rf1 Qxb2 21.
Qxe6+ Kh8 22. axb4 Nxb4 23. Bxh6 gxh6 24. Qxh6+ Kg8 25. Rf6 Ra1+ 26. Kh2 Qe5+
27. g3 Ra8 28. Qg6+ Kh8 29. Qh6+ Kg8 30. Rg6+ Kf7 31. Qh7+ Qg7 32. Qxg7+ Ke8 33.
Qg8+ Kd7 34. Qxa8 Nxc2 35. Qxb7+ Kd8 36. Rg8# {Black checkmated} 1-0

[Event "Team 45 45 League T40"]
[Site "Internet Chess Club"]
[Date "2009.03.08"]
[Round "6"]
[White "check-man"]
[Black "noblitz-oblige"]
[Result "0-1"]
[WhiteElo "1489"]
[BlackElo "1628"]
[Opening "Scotch gambit"]
[ECO "C44"]
[Time "11:01:02"]
[TimeControl "2700+45"]

1. e4 e5 2. Nf3 Nc6 3. d4 exd4 4. Bc4 d5 5. exd5 Na5 6. Bb5+ c6 7. dxc6 bxc6 8.
Qe2+ Be6 9. Ba4 Be7 10. Bd2 Nf6 11. b4 Bc4 12. Qe5 O-O 13. bxa5 Bb4 14. Qxd4
Re8+ 15. Kd1 Be2+ 16. Kc1 Bxd2+ 17. Qxd2 Qc7 18. Re1 Rad8 19. Qc3 Qf4+ 20. Nbd2
Qxa4 21. h3 Nd5 22. Qc5 Nb4 23. Nb3 Rd5 24. Qxa7 Qa3+ 25. Kb1 Red8 26. Nfd2 Rxd2
27. Nxd2 Qc3 28. Rc1 Qxd2 29. Qe3 Qxe3 30. fxe3 Rb8 31. Rg1 Nd3# {White
checkmated} 0-1

[Event "Team 45 45 League T40"]
[Site "Internet Chess Club"]
[Date "2009.03.06"]
[Round "6"]
[White "Ivio"]
[Black "nursey"]
[Result "1-0"]
[WhiteElo "1733"]
[BlackElo "1599"]
[Opening "QGD: 3...Nf6"]
[ECO "D35"]
[Time "14:08:56"]
[TimeControl "2700+45"]

1. d4 d5 2. c4 e6 3. Nc3 Nf6 4. a3 dxc4 5. e4 e5 6. d5 Bg4 7. f3 Bh5 8. Bxc4 Bc5
9. Qb3 Bb6 10. Nge2 O-O 11. Ng3 Bg6 12. Na4 Nbd7 13. Nxb6 Nxb6 14. Be3 Nxc4 15.
Qxc4 a6 16. Rd1 b5 17. Qc6 Qd6 18. Rc1 Qxc6 19. Rxc6 Rfc8 20. O-O a5 21. Rfc1
Ne8 22. Bb6 Ra6 23. Bxc7 Rxc6 24. Rxc6 Nxc7 25. d6 Kf8 26. Rxc7 Rd8 27. Rc6 f6
28. Nf5 Bxf5 29. exf5 g6 30. g4 gxf5 31. gxf5 Ke8 32. Kf2 Kd7 33. Rb6 a4 34. Ke3
Rc8 35. Rxb5 Kxd6 36. Rb4 Rc2 37. h4 Kd5 38. f4 exf4+ 39. Kxf4 Rh2 40. Kg3 Re2
41. Rxa4 Rxb2 42. Kg4 Ke5 43. Rb4 Ra2 44. a4 Kd5 45. Kh5 Kc5 46. Rf4 Kb6 47. Kh6
Ka5 48. Kxh7 Rc2 49. Kg6 Rc6 50. h5 {Black resigns} 1-0

[Event "Team 45 45 League T40"]
[Site "Internet Chess Club"]
[Date "2009.03.07"]
[Round "6"]
[White "vaknight"]
[Black "SATELLITE-DAN"]
[Result "1-0"]
[WhiteElo "1672"]
[BlackElo "1474"]
[Opening "Ruy Lopez: Marshall counter-attack"]
[ECO "C89"]
[Time "19:02:21"]
[TimeControl "2700+45"]

1. e4 e5 2. Nf3 Nc6 3. Bb5 a6 4. Ba4 Nf6 5. O-O Be7 6. Re1 b5 7. Bb3 O-O 8. c3
d5 9. exd5 Nxd5 10. Bc2 Bg4 11. h3 Bh5 12. d3 h6 13. Nbd2 f5 14. Nf1 f4 15. N1d2
Rf5 16. d4 Rg5 17. Ne4 Rg6 18. Qd3 Re6 19. Nxe5 Nxe5 20. dxe5 Rxe5 21. Qd4 Bf6
22. Nxf6+ gxf6 23. Rxe5 fxe5 24. Qxe5 Nf6 25. Bxf4 Qf8 26. Bb3+ Kh7 27. Qxc7+
{Black resigns} 1-0

[Event "Team 45 45 League T40"]
[Site "Internet Chess Club"]
[Date "2009.03.08"]
[Round "6"]
[White "Tjet"]
[Black "rayonline53"]
[Result "0-1"]
[WhiteElo "1503"]
[BlackElo "1557"]
[Opening "English: Neo-Catalan"]
[ECO "A13"]
[Time "19:00:11"]
[TimeControl "2700+45"]

1. c4 Nf6 2. g3 e6 3. Nf3 d5 4. cxd5 exd5 5. Bg2 Be7 6. O-O O-O 7. b3 Nbd7 8.
Bb2 c6 9. d4 Ne4 10. Nc3 f5 11. Nxe4 fxe4 12. Ne5 Qc7 13. Nxd7 Bxd7 14. e3 Rf6
15. Rc1 Raf8 16. Rc2 Qc8 17. Qc1 Bg4 18. Ba3 Qd7 19. Bxe7 Qxe7 20. Rd2 Qd7 21.
Qc5 a6 22. a4 Bf3 23. b4 Rh6 24. h4 Rxh4 25. Qxf8+ Kxf8 {White resigns} 0-1

[Event "Team 45 45 League T40"]
[Site "Internet Chess Club"]
[Date "2009.03.06"]
[Round "6"]
[White "SeniorCitizen"]
[Black "albacore"]
[Result "1/2-1/2"]
[WhiteElo "1347"]
[BlackElo "1363"]
[Opening "Scandinavian defense"]
[ECO "B01"]
[Time "17:00:44"]
[TimeControl "2700+45"]

1. e4 d5 2. exd5 Nf6 3. Bb5+ Bd7 4. Bc4 c6 5. Nc3 cxd5 6. Nxd5 Nxd5 7. Bxd5 Bc6
8. Bxc6+ Nxc6 9. Nf3 e5 10. d3 Bc5 11. O-O O-O 12. Be3 Bd4 13. Bxd4 exd4 14. Re1
Qb6 15. b3 Rac8 16. a3 Qc5 17. b4 Qc3 18. Qd2 Qxd2 19. Nxd2 Nd8 20. Rec1 Re8 21.
Kf1 Rc6 22. Ne4 Ne6 23. c4 Nf4 24. Rd1 b6 25. g3 Ng6 26. Nd2 Ne5 27. Nb3 Nf3 28.
h3 Rce6 29. Kg2 Ne1+ 30. Kf1 Nf3 31. Kg2 Ne1+ 32. Kf1 Nf3 33. Kg2 {Game drawn by
repetition} 1/2-1/2

[Event "Team 45 45 League T40"]
[Site "Internet Chess Club"]
[Date "2009.03.07"]
[Round "6"]
[White "Timotheous"]
[Black "Pillsbury57"]
[Result "0-1"]
[WhiteElo "1672"]
[BlackElo "1498"]
[Opening "Réti opening"]
[ECO "A30"]
[Time "16:05:22"]
[TimeControl "2700+45"]

1. Nf3 c5 2. c4 g6 3. g3 Bg7 4. Bg2 Nc6 5. O-O e5 6. d3 Nge7 7. Nc3 O-O 8. Rb1
d6 9. a3 Be6 10. b4 b6 11. b5 Na5 12. Ng5 Rb8 13. Nxe6 fxe6 14. Bh3 Nf5 15. e4
Nd4 16. Ne2 Nf3+ 17. Kh1 Qf6 18. Ng1 Nd4 19. Be3 Nb7 20. Qd2 Rf7 21. Bg2 Qe7 22.
Qd1 Rbf8 23. f4 exf4 24. Bxf4 e5 25. Be3 Rxf1 26. Bxf1 Qf6 27. Bg2 Nd8 28. Qg4
Qe6 29. Qd1 Qf7 30. Bxd4 cxd4 31. Nh3 Ne6 32. Qe2 Nc5 33. Ng5 Qf2 34. Qd1 Qe3
35. Nh3 Qxd3 36. Qxd3 Nxd3 37. Ng5 Nc5 38. Bh3 h6 39. Ne6 Nxe6 40. Bxe6+ Kh7 41.
Kg2 Bf6 42. Rf1 Kg7 43. h4 g5 44. h5 Be7 45. g4 Rf4 46. Bf5 d5 47. cxd5 Bxa3 48.
Rf3 Bc5 49. Rd3 Kf6 50. Ra3 Bxa3 {White resigns} 0-1

[Event "Team 45 45 League T40"]
[Site "Internet Chess Club"]
[Date "2009.03.15"]
[Round "6"]
[White "achessfool"]
[Black "OGO"]
[Result "1/2-1/2"]
[WhiteElo "1408"]
[BlackElo "1615"]
[Opening "Ruy Lopez: Worrall attack, sharp line"]
[ECO "C86"]
[Time "14:30:10"]
[TimeControl "2700+45"]

1. e4 e5 2. Nf3 Nc6 3. Bb5 a6 4. Ba4 Nf6 5. O-O Be7 6. Qe2 b5 7. Bb3 O-O 8. c3
d6 9. Rd1 Bg4 10. d3 Qd7 11. Bg5 Rac8 12. Nbd2 Be6 13. d4 exd4 14. cxd4 Bxb3 15.
axb3 Nb4 16. d5 c6 17. e5 Nfxd5 18. exd6 Bxg5 19. Nxg5 Qxd6 20. Nde4 Qg6 21. Qg4
h6 22. Nc3 Nxc3 23. bxc3 Nd5 24. c4 Nb4 25. cxb5 c5 26. bxa6 Qxg5 27. Qxg5 hxg5
28. a7 Ra8 29. Rd7 Rfc8 30. Ra5 Kf8 31. Rb5 Re8 32. Kf1 Re7 33. Rb8+ Re8 34.
Rbb7 Nc6 35. Rxf7+ Kg8 36. Rxg7+ Kh8 {Game drawn by mutual agreement} 1/2-1/2

[Event "Team 45 45 League T40"]
[Site "Internet Chess Club"]
[Date "2009.03.11"]
[Round "6"]
[White "RD1974"]
[Black "BishopMike"]
[Result "1-0"]
[WhiteElo "1585"]
[BlackElo "1402"]
[Opening "Sicilian: closed"]
[ECO "B24"]
[Time "19:33:48"]
[TimeControl "2700+45"]

1. e4 c5 2. Nc3 Nc6 3. g3 e5 4. Bg2 Nf6 5. d3 b6 6. Be3 Bb7 7. Nge2 a6 8. O-O b5
9. h3 Nd4 10. Nd5 Nxd5 11. exd5 Bd6 12. Nc3 Nf5 13. Re1 Nxe3 14. Rxe3 c4 15. Ne4
Qb6 16. dxc4 bxc4 17. c3 O-O 18. Qc2 f6 19. b3 Bxd5 20. Nxf6+ gxf6 21. Bxd5+ Kh8
22. Bxa8 Rxa8 23. b4 Rg8 24. Qe4 Qb5 25. a4 Qb6 26. Rd1 Qc7 27. Qf5 Rf8 28. Re2
e4 29. Re3 Rf7 30. Qd5 Bxg3 31. Rxg3 Rg7 32. Rxg7 Kxg7 33. Qxd7+ Qxd7 34. Rxd7+
{Black resigns} 1-0

[Event "Team 45 45 League T40"]
[Site "Internet Chess Club"]
[Date "2009.03.04"]
[Round "6"]
[White "TheronUAL"]
[Black "dondel"]
[Result "1-0"]
[WhiteElo "1404"]
[BlackElo "1338"]
[Opening "Four knights: Italian variation"]
[ECO "C47"]
[Time "19:04:37"]
[TimeControl "2700+45"]

1. e4 e5 2. Nc3 Nf6 3. Nf3 Nc6 4. Bc4 Nxe4 5. O-O f5 6. d3 Nxc3 7. bxc3 d5 8.
Bb3 Be7 9. c4 e4 10. cxd5 exf3 11. dxc6 fxg2 12. Re1 Kf8 13. Bb2 Qd6 14. Qe2
bxc6 15. Be5 Qg6 16. Bxc7 Bb4 17. Qe3 Rg8 18. c3 Ba3 19. Qd4 Ba6 20. Re6 Qg5 21.
Bd6+ Kf7 22. Re3+ Kg6 23. Rg3 Qxg3 24. hxg3 Rgd8 25. Qa4 Bb2 26. Rb1 Bb5 27. Qb4
a5 28. Qc5 Bxc3 29. Qxc3 Rxd6 30. Re1 Bxd3 31. Re6+ Rxe6 32. Bxe6 Bf1 33. Qxc6
Rb8 34. Qd7 Rb4 35. Qf7+ Kh6 36. Qxf5 Ra4 37. Bb3 Rb4 38. Qxa5 Rd4 39. Qb6+
{Black resigns} 1-0

[Event "Team 45 45 League T40"]
[Site "Internet Chess Club"]
[Date "2009.03.08"]
[Round "6"]
[White "BigW"]
[Black "Ghashgork"]
[Result "1-0"]
[WhiteElo "1688"]
[BlackElo "1727"]
[Opening "QGA: 3.e4"]
[ECO "D20"]
[Time "16:00:10"]
[TimeControl "2700+45"]

1. d4 d5 2. c4 dxc4 3. e4 e5 4. Nf3 exd4 5. Qxd4 Qxd4 6. Nxd4 Nf6 7. Nb5 Na6 8.
Bxc4 c6 9. N5c3 Nb4 10. Na3 b5 11. Be2 Bc5 12. e5 Ng4 13. Ne4 Be7 14. Bf4 Nd5
15. Bg3 Bxa3 16. bxa3 O-O 17. Rc1 f5 18. exf6 Ngxf6 19. Nd6 Bd7 20. O-O Ne8 21.
Bf3 Nxd6 22. Bxd6 Rf6 23. Bc5 Nb6 24. Rfd1 Be8 25. Rd4 Na4 26. Bb4 a5 27. Bd2 h6
28. Re1 Kf7 29. Rde4 Nb6 30. Re7+ Kf8 31. Bxa5 Rxa5 32. Rxe8+ Kf7 33. Bh5+ Rg6
34. R1e7+ Kf6 35. Re6+ Kf5 36. Bxg6+ Kg5 37. g3 {Black resigns} 1-0